AoeStats
← HTY

Arena

504083244Analyzed
4v4 RM · 29d ago on Sep 3, 2026· 73m 12s· 8 players
Game mode
Random Map
Map size
Large (8 player)
Population
200
Speed
Normal
Resources
Standard
Victory
Conquest
Starting age
Dark Age
Ending age
Imperial Age
RankedLock teamsTeams togetherTeam positionsShared explorationLock speedFull tech treeHidden civsTurbo modeCheats
Victory
Defeat
🇹🇷 Japanese · Türkiye
1175
+12
🇸🇰 Mapuche · Slovakia
1157
+13
🇨🇳 Slavs · China
1157
+13
🇬🇧 Italians · United Kingdom
1137
+14
🇩🇪 Malians · Germany
1177
-17
🇩🇪 Khmer · Germany
1107
-14
🇩🇪 Lithuanians · Germany
1061
-12
🇩🇪 Mongols · Germany
1005
-9
babew
11:18 Feudal Age
14:51 Castle Age
13:00 Double-Bit Axe
12:55 Horse Collar
13:20 Horse Collar
16:05 Bow Saw
17:28 Heavy Plow
20:58 Wheelbarrow
21:30 Gold Mining
24:12 Hand Cart
23:43 Town Watch
23:44 Loom
25:38 Gold Shaft Mining
26:33 Stone Mining
29:52 Imperial Age
27:24 Fletching
27:34 Padded Archer Armor
28:48 Stone Shaft Mining
28:12 Bodkin Arrow
29:39 Leather Archer Armor
29:57 Elite Bolas Rider
31:21 Crop Rotation
31:22 Ring Archer Armor
31:54 Chemistry
31:17 Ballistics
32:35 Chemistry
33:03 Masonry
33:55 Conscription
34:36 Capped Ram
35:46 Forging
35:37 Scale Mail Armor
35:46 Malon
36:58 Hoardings
36:29 Pikeman
37:46 Iron Casting
37:26 Chain Mail Armor
40:18 Blast Furnace
38:41 Halberdier
40:15 Plate Mail Armor
41:43 Onager
45:46 Siege Engineers
46:12 Architecture
50:07 Champi Runner
52:05 Champi Warrior
54:54 Elite Champi Warrior
64:32 Elite Skirmisher
65:45 Town Patrol
northern_monk
10:50 Feudal Age
12:03 Loom
15:17 Castle Age
13:09 Double-Bit Axe
13:07 Horse Collar
16:48 Wheelbarrow
15:45 Light Cavalry
19:52 Scale Barding Armor
22:43 Bow Saw
23:47 Forging
24:23 Gold Mining
27:25 Heavy Plow
30:26 Imperial Age
32:21 Chemistry
31:02 Elite Skirmisher
31:10 Hussar
32:48 Padded Archer Armor
34:09 Leather Archer Armor
33:46 Fletching
34:19 Bombard Tower
35:07 Bloodlines
34:58 Husbandry
36:35 Chain Barding Armor
37:36 Iron Casting
37:00 Stone Mining
38:46 Hussar
40:46 Blast Furnace
40:22 Plate Barding Armor
40:59 Conscription
40:52 Pirotechnia
lotus
11:05 Feudal Age
12:04 Double-Bit Axe
12:00 Horse Collar
17:35 Castle Age
19:20 Heavy Plow
19:31 Bow Saw
30:46 Imperial Age
29:51 Masonry
31:32 Pikeman
32:12 Squires
32:59 Loom
36:28 Heavy Scorpion
37:32 Ballistics
39:24 Capped Ram
40:25 Detinets
43:13 Two-Man Saw
42:56 Conscription
42:09 Halberdier
42:50 Scale Mail Armor
42:43 Fletching
45:05 Chemistry
47:49 Chain Mail Armor
50:43 Crop Rotation
53:07 Plate Mail Armor
52:47 Forging
56:33 Iron Casting
55:54 Bodkin Arrow
56:01 Padded Archer Armor
61:47 Druzhina
62:53 Blast Furnace
62:00 Scale Barding Armor
62:10 Leather Archer Armor
61:58 Elite Boyar
70:05 Chain Barding Armor
70:16 Ring Archer Armor
HTY
8:29 Loom
10:51 Feudal Age
11:18 Double-Bit Axe
18:56 Castle Age
16:46 Horse Collar
20:06 Bow Saw
31:16 Imperial Age
28:57 Gold Mining
29:55 Wheelbarrow
30:10 Pikeman
30:50 Squires
32:35 Conscription
32:42 Heavy Plow
32:45 Elite Skirmisher
32:47 Halberdier
34:03 Forging
33:53 Scale Mail Armor
35:41 Fletching
35:51 Padded Archer Armor
37:00 Ballistics
38:18 Chemistry
37:17 Bodkin Arrow
37:58 Iron Casting
37:39 Chain Mail Armor
39:45 Stone Mining
40:59 Blast Furnace
40:00 Bracer
40:16 Leather Archer Armor
42:52 Two-Man Saw
45:44 Elite Samurai
62:22 Hand Cart
70:08 Yasama
70:05 Guard Tower
71:46 Keep
tobenderwolf05
11:11 Feudal Age
12:39 Double-Bit Axe
12:53 Horse Collar
15:33 Castle Age
17:43 Gold Mining
20:26 Bloodlines
20:24 Scale Barding Armor
20:31 Forging
26:57 Chain Barding Armor
27:13 Iron Casting
29:42 Husbandry
33:19 Heavy Plow
33:33 Bow Saw
33:18 Light Cavalry
34:00 Scale Mail Armor
34:31 Stone Mining
35:21 Wheelbarrow
34:34 Loom
34:37 Town Watch
35:13 Chain Mail Armor
37:58 Hand Cart
42:03 Imperial Age
39:53 Hand Cart
42:15 Treadmill Crane
42:30 Murder Holes
43:17 Stone Shaft Mining
42:11 Pikeman
42:51 Squires
42:37 Arson
42:17 Cavalier
44:03 Plate Barding Armor
42:57 Halberdier
43:29 Winged Hussar
45:33 Conscription
47:36 Paladin
48:37 Elite Leitis
53:05 Chemistry
54:08 Fletching
54:19 Padded Archer Armor
53:44 Elite Skirmisher
philiphilgers
11:11 Feudal Age
16:03 Castle Age
20:15 Double-Bit Axe
20:19 Horse Collar
21:10 Horse Collar
21:23 Gold Mining
22:29 Wheelbarrow
23:31 Bow Saw
24:32 Fletching
24:43 Padded Archer Armor
25:25 Bodkin Arrow
25:34 Heavy Plow
26:08 Hand Cart
27:04 Bow Saw
27:32 Gold Shaft Mining
31:53 Imperial Age
31:14 Leather Archer Armor
31:09 Thumb Ring
31:53 Ballistics
31:39 Elite Skirmisher
32:40 Bracer
32:27 Heavy Cavalry Archer
33:47 Parthian Tactics
36:45 Chemistry
43:13 Loom
47:39 Elite Mangudai
68:00 Siege Engineers
69:59 Scale Barding Armor
CodeOfConduct
10:37 Feudal Age
14:06 Castle Age
12:42 Double-Bit Axe
14:50 Wheelbarrow
17:18 Bow Saw
19:39 Loom
19:46 Horse Collar
20:30 Heavy Plow
22:50 Hand Cart
28:11 Imperial Age
27:59 Scale Barding Armor
28:05 Forging
28:28 Husbandry
28:38 Bloodlines
28:58 Stone Mining
28:59 Gold Mining
29:46 Crop Rotation
30:26 Town Watch
32:28 Chain Barding Armor
32:44 Iron Casting
33:30 Gold Shaft Mining
33:16 Caravan
35:41 Plate Barding Armor
36:07 Blast Furnace
35:51 Siege Engineers
35:49 Double Crossbow
35:56 Elite Battle Elephant
37:44 Chemistry
37:05 Ballistics
37:49 Chemistry
37:13 Conscription
37:19 Heavy Scorpion
42:52 Light Cavalry
50:45 Hussar
70:28 Fortified Wall
leon36
11:14 Feudal Age
15:19 Castle Age
13:17 Double-Bit Axe
14:09 Stone Mining
15:08 Horse Collar
17:18 Forging
17:23 Gold Mining
22:39 Iron Casting
25:48 Scale Mail Armor
26:37 Arson
26:52 Squires
30:39 Wheelbarrow
32:20 Bow Saw
32:32 Loom
34:00 Heavy Plow
37:30 Imperial Age
36:36 Hand Cart
37:55 Gold Shaft Mining
37:56 Stone Shaft Mining
40:12 Conscription
40:27 Hoardings
40:46 Chain Mail Armor
39:56 Man-at-Arms
41:11 Long Swordsman
42:35 Plate Mail Armor
42:02 Two-Handed Swordsman
43:59 Champion
46:32 Fletching
47:02 Capped Ram
Connection lost

Rejoining the realm…

Still unreachable

The connection could not be restored.

Session expired

The server has moved on; the page needs a fresh start.